 Dungeon Crawl Stone Soup version 0.23.2-1-ga50397a6bc (webtiles) character file.

Game seed: 6698460696881515877

150 Mrkan the Shield-Bearer (level 5, 0/33 HPs)
             Began as a Gargoyle Fighter on May 17, 2019.
             Slain by an ogre
             ... wielding a +0 giant spiked club
              (16 damage)
             ... on level 3 of the Dungeon.
             The game lasted 00:04:33 (1354 turns).

Mrkan the Shield-Bearer (Gargoyle Fighter)          Turns: 1354, Time: 00:04:33

Health: 0/33       AC: 11    Str: 19    XL:     5   Next: 32%
Magic:  5/5        EV:  7    Int: 10    God:
Gold:   156        SH:  9    Dex:  9    Spells: 4/4 levels left

rFire    . . .     SeeInvis .   a - +0 flail
rCold    . . .     Gourm    .   c - +0 shield
rNeg     + . .     Faith    .   b - +0 scale mail
rPois    ∞         Spirit   .   (no helmet)
rElec    +         Reflect  .   (no cloak)
rCorr    .         Harm     .   (no gloves)
MR       .....                  (no boots)
Stlth    ..........             (no amulet)
HPRegen  0.11/turn              (no ring)
MPRegen  0.09/turn              (no ring)

@: no status effects
A: negative energy resistance 1, electricity resistance, unbreathing,
petrification resistance, rot immunity, AC +4
a: no special abilities


You were on level 3 of the Dungeon.
You were not hungry.

You visited 1 branch of the dungeon, and saw 3 of its levels.

You collected 156 gold pieces.

Inventory:

Hand Weapons
 a - a +0 flail (weapon)
Missiles
 k - 26 poisoned needles
Armour
 b - a +0 scale mail (worn)
 c - a +0 shield (worn)
 e - a +0 plate armour
Jewellery
 i - an uncursed amulet of magic regeneration {unknown}
 n - an uncursed ring of stealth {unknown}
 o - an uncursed ring of flight {unknown}
Scrolls
 g - 2 scrolls of teleportation {unknown}
 h - 4 scrolls of identify {unknown}
 p - 3 scrolls of remove curse {unknown}
 r - a scroll of magic mapping {unknown}
Potions
 d - 2 potions of might
 j - a potion of heal wounds {unknown}
 l - 2 potions of ambrosia {unknown}
 m - 2 potions of curing {unknown}
 q - a potion of degeneration {unknown}
 s - a potion of haste {unknown}
Comestibles
 f - 4 rations


   Skills:
 + Level 4.1 Fighting
 * Level 3.6 Maces & Flails
 + Level 4.1 Armour
 + Level 4.1 Shields


You had 4 spell levels left.
You didn't know any spells.
Your spell library was empty.

Dungeon Overview and Level Annotations

Branches:
Dungeon (3/15)

Altars:


Innate Abilities, Weirdness & Mutations

You are resistant to torment.
Your stone body is resilient. (AC +4)
You are immune to poison.
You resist negative energy. (rN+)
You are resistant to electric shocks. (rElec)
You can survive without breathing.
You are immune to petrification.
You are immune to rotting.


Message History

You closely miss the orc.
The orc is heavily wounded.
The orc hits you but does no damage.
You hit the orc.
The orc is almost dead.
The orc hits you but does no damage. The orc barely misses you.
Your shield and scale mail prevent you from hitting the orc.
The orc is almost dead.
The orc hits you with a +0 club.
The ogre hits you with a +0 giant spiked club!
You hit the orc.
You kill the orc!
The ogre hits you but does no damage.
You hit the goblin.
The goblin is heavily wounded.
You block the goblin's attack.
You hit the ogre.
The ogre is lightly wounded.
The ogre hits you with a +0 giant spiked club!
You die...

#.##..####.# .(.......#.#
.. #.##..##.#.# .#
#.##..##.#.##### ###.#
...............# #.... #
......##.#.###.# #.#.# .#
#.###.##.#.###.# #.#.#..##.
#..............###.#.$.....
#.###...........@Og.)......
#.# ######.###.###...#..###
#.# #..............# #.#
#####.####..#..!. #.# #.#
#..##.... #.# #.# #..# ####
.. ### #..# #..#


You could see an ogre and a goblin.

Vanquished Creatures
  A worker ant (D:2)
  6 adders
  A worm (D:3)
  3 dart slugs
  3 leopard geckos
  5 orcs (D:3)
  3 giant cockroaches
  6 hobgoblins
  A quokka (D:2)
  10 bats
  2 frilled lizards
  6 goblins
  5 kobolds
  7 rats
59 creatures vanquished.

Notes
Turn   | Place    | Note
-------+----------+-------------------------------------------
     0 | D:1      | Mrkan the Gargoyle Fighter began the quest for the Orb.
     0 | D:1      | Reached XP level 1. HP: 14/14 MP: 1/1
   101 | D:1      | Reached XP level 2. HP: 14/19 MP: 2/2
   318 | D:1      | Reached XP level 3. HP: 23/23 MP: 3/3
   722 | D:2      | Reached XP level 4. HP: 24/29 MP: 4/4
  1133 | D:3      | Reached XP level 5. HP: 26/33 MP: 5/5
  1344 | D:3      | Noticed an ogre
  1354 | D:3      | Slain by an ogre

Skill      XL: |  1  2  3  4 |
---------------+-------------+-----
Maces & Flails | 3 |  3.6
Shields        | 4 |  4.1
Armour         | 4 |  4.1
Fighting       | 4 |  4.1

Action                   |  1- 3 |  4- 6 || total
-------------------------+-------+-------++-------
Melee: Flail             |   161 |   103 ||   264
  Eat: Chunk             |       |     2 ||     2
Armor: Scale mail        |   113 |    67 ||   180
Dodge: Dodged            |    73 |    30 ||   103
Block: Shield            |   108 |    51 ||   159
